Flyers vs Canadiens

Created - January-29-15 at 17:48

Goals
1 2 3 T
Flyers 0 1 0 1
Canadiens 1 2 1 4
Shots
1 2 3 T
Flyers 11 10 19 40
Canadiens 10 13 10 33

1st period

1. Canadiens , Jason Demers 5 (Jason Garrison) at 15:57

Penalties :
Matt Read (MTL) for Slashing (Minor) at 0:11, Alexander Steen (MTL) for Fighting (Major) at 4:46, Carlo Colaiacovo (PHI) for Fighting (Major) at 4:46, Mark Fistric (PHI) for Slashing (Minor) at 8:06, Matt Read (MTL) for Tripping (Minor) at 18:47

2nd period

2. Flyers , Mark Fistric 3 (Nathan Gerbe, Brian Gibbons) at 3:21
3. Canadiens , Sven Baertschi 3 (Saku Koivu, Dylan Olsen) at 11:35
4. Canadiens , Jordan Eberle 22 (Jonathan Toews, Cam Fowler) at 16:18

Penalties :
Radim Vrbata (MTL) for Hooking (Minor) at 3:37, Carlo Colaiacovo (PHI) for Hooking (Minor) at 6:04, Dylan Olsen (MTL) for High sticking (Minor) at 19:49

3rd period

5. Canadiens , Saku Koivu 10 (Jason Demers, Jason Garrison) at 3:47

Penalties :
Dan Girardi (MTL) for Holding (Minor) at 7:06

Goalie Stats

Frederik Andersen (PHI), 29 saves from 33 shots - (0.879), L, 14-12-2, 60:00 minutes
Al Montoya (MTL), 39 saves from 40 shots - (0.975), W, 9-6-2, 60:00 minutes

Players Stats for Flyers

Player Name              G  A  P  +/- PIM S  H  SB GA TA FO     MP     PP MP  PK MP  
------------------------------------------------------------------------------------
Brian Gibbons            0  1  1   1  0   1  0  0  0  0  2/6     4:13   0:00   0:00 
Carlo Colaiacovo         0  0  0  -1  7   3  0  0  0  0  0/0     9:12   0:00   0:00 
Dan Boyle                0  0  0  -2  0   1  3  0  0  0  0/0    27:13   5:55   1:57 
Daniel Sedin             0  0  0  -2  0   7  1  1  0  0  3/3    23:55   6:16   1:06 
Dany Heatley             0  0  0  -1  0   1  0  0  0  0  0/0    11:33   0:31   0:00 
Gabriel Bourque          0  0  0  -1  0   1  0  0  0  0  0/2    11:18   0:00   0:16 
Jack Skille              0  0  0  -1  0   0  1  0  0  0  2/2    17:58   3:39   0:00 
Joel Ward                0  0  0  -1  0   1  0  0  0  0  0/1    22:40   5:45   2:36 
Kyle Brodziak            0  0  0   1  0   0  0  0  0  0  4/8     6:49   0:00   2:36 
Kyle Okposo              0  0  0  -2  0   6  2  0  0  0  10/18  22:49   6:16   0:00 
Marek Zidlicky           0  0  0   0  0   3  3  0  0  0  0/0    23:20   3:29   2:01 
Mark Fistric             1  0  1   0  2   1  0  2  0  0  0/0    17:51   0:31   0:48 
Mike Ribeiro             0  0  0  -1  0   5  2  0  0  0  8/24   17:58   3:39   0:00 
Mike Santorelli          0  0  0  -2  0   4  0  0  0  0  7/19   21:18   3:39   1:06 
Nathan Gerbe             0  1  1   1  0   0  0  0  0  0  0/0     4:29   0:00   0:16 
Olli Jokinen             0  0  0  -1  0   2  1  0  0  0  5/11   11:02   0:00   0:00 
Philip Larsen            0  0  0  -1  0   4  1  1  0  0  0/0    17:33   6:26   0:33 
Tom Gilbert              0  0  0  -2  0   0  1  1  0  0  0/0    24:48   3:29   2:37 

Players Stats for Canadiens

Player Name              G  A  P  +/- PIM S  H  SB GA TA FO     MP     PP MP  PK MP  
------------------------------------------------------------------------------------
Alexander Killorn        0  0  0   2  0   4  0  0  0  0  0/1     9:09   0:00   0:00 
Alexander Steen          0  0  0  -1  5   4  1  0  0  0  0/0    20:45   0:57   4:59 
Brenden Morrow           0  0  0   0  0   0  0  1  0  0  0/0     5:22   0:00   0:56 
Cam Fowler               0  1  1   1  0   1  0  4  0  0  0/0    21:46   2:05   5:54 
Dan Girardi              0  0  0   1  2   4  1  2  0  0  0/0    24:40   1:53   4:50 
Dylan Olsen              0  1  1   1  2   1  4  5  0  0  0/0    17:33   0:00   1:02 
Jason Demers             1  1  2   1  0   1  2  0  0  0  0/0    21:42   1:53   4:01 
Jason Garrison           0  2  2   1  0   0  0  0  0  0  0/0    17:53   2:05   4:01 
Jonathan Toews           0  1  1   2  0   5  1  1  0  0  22/42  26:15   1:53   7:11 
Jordan Eberle            1  0  1   2  0   4  2  0  0  0  2/3    19:56   2:14   0:00 
Manny Malhotra           0  0  0   0  0   0  0  0  0  0  6/6     4:26   0:00   0:00 
Martin Erat              0  0  0   0  0   0  0  1  0  0  0/0     5:13   0:47   0:00 
Matt Read                0  0  0   2  4   2  2  0  0  0  1/2    23:02   1:53   4:00 
Paul Stastny             0  0  0  -1  0   3  2  0  0  0  17/30  20:57   2:05   2:44 
Radim Vrbata             0  0  0  -1  2   1  2  1  0  0  0/1    18:12   2:05   0:00 
Saku Koivu               1  1  2   2  0   1  0  0  0  0  5/9     8:22   0:00   0:00 
Steve Oleksy             0  0  0   1  0   0  2  2  0  0  0/0    16:24   0:00   0:02 
Sven Baertschi           1  0  1   2  0   2  0  0  0  0  0/0     8:22   0:00   0:00 

3 Stars

1 - Al Montoya (MTL)
2 - Jason Demers (MTL)
3 - Saku Koivu (MTL)

Power Play

Flyers - 0 on 5 Attempt(s) - 0.00%
Canadiens - 0 on 2 Attempt(s) - 0.00%

Penalty Kill

Flyers - 2 on 2 Attempt(s) - 100.00% - Score 0 goal in Penalty Kill
Canadiens - 5 on 5 Attempt(s) - 100.00% - Score 0 goal in Penalty Kill

Team Stat

Flyers - Hits : 15 - Faceoff Wins : 41 - Blocked Shots : 5 - Penalty Minutes : 9
Canadiens - Hits : 19 - Faceoff Wins : 53 - Blocked Shots : 17 - Penalty Minutes : 15

Official

Referees : Kevin Pollock and Frederick L'Ecuyer
Linesman : Scott Cherrey and Steve Barton

Game Notes

Alexander Steen beats up Carlo Colaiacovo at 4:46 of 1st period
Cam Fowler is injured at 11:11 of 3rd period (Sprained Left Ankle)

Finance

Level 1 -- Attendance: 4508 (69.35%) -- Ticket Income $495,880
Level 2 -- Attendance: 4989 (99.78%) -- Ticket Income $374,175
Level 3 -- Attendance: 3083 (88.09%) -- Ticket Income $169,565
Level 4 -- Attendance: 3221 (61.08%) -- Ticket Income $80,525
Luxury Box -- Attendance: 905 (90.50%) -- Ticket Income $180,095
Game was played at the Bell Centre'
Total Attendance: 16706 (78.53%)
Total Ticket Income: $1,300,240
Other Income: $195,036
Total Income: $1,495,276

% Time on Ice - Flyers

Lines # - Real PCT - Wanted PCT - Time Play
Normal Forward
1 - 36% - 40% - 16:33
2 - 31% - 35% - 14:19
3 - 24% - 20% - 11:02
4 - 9% - 5% - 4:13
Normal Defense
1 - 38% - 45% - 17:43
2 - 35% - 30% - 16:12
3 - 23% - 20% - 10:34
4 - 4% - 5% - 1:38
PP Forward
1 - 63% - 60% - 6:16
2 - 37% - 40% - 3:39
PP Defense
1 - 65% - 60% - 6:26
2 - 35% - 40% - 3:29
PK Forward
1 - 72% - 60% - 2:52
2 - 28% - 40% - 1:06
PK Defense
1 - 51% - 60% - 2:01
2 - 49% - 40% - 1:57
PK3 Forward
1 - 0% - 60%
2 - 0% - 40%
PK3 Defense
1 - 0% - 60%
2 - 0% - 40%
44 Forward
1 - 0% - 60%
2 - 0% - 40%
44 Defense
1 - 0% - 60%
2 - 0% - 40%
Last Minute Offensive  - 0:00
Last Minute Defensive  - 0:00
Total
Forward - 60:00
Defense - 60:00

% Time on Ice - Canadiens

Lines # - Real PCT - Wanted PCT - Time Play
Normal Forward
1 - 37% - 36% - 17:11
2 - 35% - 36% - 16:08
3 - 18% - 18% - 8:22
4 - 10% - 10% - 4:26
Normal Defense
1 - 26% - 28% - 11:47
2 - 35% - 27% - 16:22
3 - 20% - 23% - 9:18
4 - 19% - 22% - 8:40
PP Forward
1 - 47% - 50% - 1:53
2 - 53% - 50% - 2:05
PP Defense
1 - 53% - 50% - 2:05
2 - 47% - 50% - 1:53
PK Forward
1 - 72% - 60% - 7:11
2 - 28% - 40% - 2:44
PK Defense
1 - 59% - 60% - 5:54
2 - 41% - 40% - 4:01
PK3 Forward
1 - 0% - 60%
2 - 0% - 40%
PK3 Defense
1 - 0% - 60%
2 - 0% - 40%
44 Forward
1 - 0% - 50%
2 - 0% - 50%
44 Defense
1 - 0% - 50%
2 - 0% - 50%
Last Minute Offensive  - 0:00
Last Minute Defensive  - 0:00
Total
Forward - 60:00
Defense - 60:00

Play by Play

1st period


0:01 of 1st period - Daniel Sedin wins face-off versus Jonathan Toews in neutral zone.
0:01 of 1st period - Mike Santorelli is hit by Jordan Eberle and loses puck.
0:11 of 1st period - Minor Penalty to Matt Read for Slashing.
0:12 of 1st period - Kyle Okposo wins face-off versus Jonathan Toews in Canadiens zone.
0:21 of 1st period - Shot by Philip Larsen.
0:21 of 1st period - Shot Misses the Net.
0:23 of 1st period - Shot by Joel Ward.
0:23 of 1st period - Shot Blocked by Dan Girardi.
0:25 of 1st period - Shot by Philip Larsen.
0:25 of 1st period - Stopped by Al Montoya with a rebound.
0:27 of 1st period - Shot by Daniel Sedin.
0:27 of 1st period - Shot Misses the Net.
0:29 of 1st period - Shot by Kyle Okposo.
0:29 of 1st period - Stopped by Al Montoya without a rebound.
0:30 of 1st period - Paul Stastny wins face-off versus Mike Ribeiro in Canadiens zone.
0:55 of 1st period - Shot by Marek Zidlicky.
0:55 of 1st period - Shot Misses the Net.
0:57 of 1st period - Shot by Mike Ribeiro.
0:57 of 1st period - Shot Misses the Net.
0:59 of 1st period - Shot by Marek Zidlicky.
0:59 of 1st period - Shot Misses the Net.
1:06 of 1st period - Shot by Mike Ribeiro.
1:06 of 1st period - Stopped by Al Montoya without a rebound.
1:07 of 1st period - Kyle Okposo wins face-off versus Jonathan Toews in Canadiens zone.
1:26 of 1st period - Shot by Kyle Okposo.
1:26 of 1st period - Stopped by Al Montoya without a rebound.
1:27 of 1st period - Kyle Okposo wins face-off versus Jonathan Toews in Canadiens zone.
1:49 of 1st period - Dan Girardi is hit by Daniel Sedin and loses puck.
2:24 of 1st period - Shot by Dany Heatley.
2:24 of 1st period - Stopped by Al Montoya without a rebound.
2:25 of 1st period - Manny Malhotra wins face-off versus Kyle Brodziak in Canadiens zone.
3:30 of 1st period - Tom Gilbert is hit by Matt Read and loses puck.
4:46 of 1st period - Alexander Steen beats up Carlo Colaiacovo.
4:46 of 1st period - Penalty to Alexander Steen for Fighting.
4:46 of 1st period - Penalty to Carlo Colaiacovo for Fighting.
4:47 of 1st period - Paul Stastny wins face-off versus Olli Jokinen in Flyers zone.
4:59 of 1st period - Shot by Marek Zidlicky.
4:59 of 1st period - Stopped by Al Montoya with a rebound.
5:01 of 1st period - Shot by Dany Heatley.
5:01 of 1st period - Shot Misses the Net.
5:39 of 1st period - Jason Garrison is hit by Olli Jokinen and loses puck.
5:50 of 1st period - Shot by Kyle Okposo.
5:50 of 1st period - Shot Misses the Net.
6:05 of 1st period - Icing by Jason Garrison.
6:06 of 1st period - Manny Malhotra wins face-off versus Mike Ribeiro in Canadiens zone.
6:35 of 1st period - Shot by Mike Ribeiro.
6:35 of 1st period - Shot Misses the Net.
7:17 of 1st period - Paul Stastny is hit by Marek Zidlicky.
7:25 of 1st period - Shot by Cam Fowler.
7:25 of 1st period - Stopped by Frederik Andersen without a rebound.
7:26 of 1st period - Saku Koivu wins face-off versus Olli Jokinen in Flyers zone.
7:45 of 1st period - Shot by Alexander Killorn.
7:45 of 1st period - Stopped by Frederik Andersen without a rebound.
7:46 of 1st period - Mike Santorelli wins face-off versus Jonathan Toews in Flyers zone.
8:06 of 1st period - Minor Penalty to Mark Fistric for Slashing.
8:07 of 1st period - Paul Stastny wins face-off versus Kyle Brodziak in Flyers zone.
8:41 of 1st period - Icing by Jason Garrison.
8:42 of 1st period - Kyle Brodziak wins face-off versus Paul Stastny in Canadiens zone.
8:49 of 1st period - Shot by Kyle Brodziak.
8:49 of 1st period - Shot Blocked by Cam Fowler.
9:21 of 1st period - Icing by Jonathan Toews.
9:22 of 1st period - Kyle Brodziak wins face-off versus Jonathan Toews in Canadiens zone.
9:59 of 1st period - Shot by Dan Girardi.
9:59 of 1st period - Shot Misses the Net.
10:01 of 1st period - Shot by Dan Girardi.
10:01 of 1st period - Stopped by Frederik Andersen without a rebound.
10:02 of 1st period - Daniel Sedin wins face-off versus Paul Stastny in Flyers zone.
10:13 of 1st period - Shot by Sven Baertschi.
10:13 of 1st period - Shot Misses the Net.
11:02 of 1st period - Icing by Cam Fowler.
11:03 of 1st period - Kyle Okposo wins face-off versus Paul Stastny in Canadiens zone.
11:06 of 1st period - Shot by Mike Santorelli.
11:06 of 1st period - Stopped by Al Montoya with a rebound.
13:33 of 1st period - Shot by Sven Baertschi.
13:33 of 1st period - Stopped by Frederik Andersen with a rebound.
13:51 of 1st period - Icing by Olli Jokinen.
13:52 of 1st period - Olli Jokinen wins face-off versus Paul Stastny in Flyers zone.
14:18 of 1st period - Icing by Marek Zidlicky.
14:19 of 1st period - Manny Malhotra wins face-off versus Mike Santorelli in Flyers zone.
14:32 of 1st period - Shot by Mark Fistric.
14:32 of 1st period - Shot Blocked by Dylan Olsen.
14:38 of 1st period - Shot by Mike Santorelli.
14:38 of 1st period - Stopped by Al Montoya with a rebound.
14:40 of 1st period - Shot by Marek Zidlicky.
14:40 of 1st period - Shot Misses the Net.
14:48 of 1st period - Shot by Mike Santorelli.
14:48 of 1st period - Shot Blocked by Brenden Morrow.
14:50 of 1st period - Shot by Kyle Okposo.
14:50 of 1st period - Stopped by Al Montoya with a rebound.
15:24 of 1st period - Shot by Paul Stastny.
15:24 of 1st period - Stopped by Frederik Andersen without a rebound.
15:25 of 1st period - Jonathan Toews wins face-off versus Mike Ribeiro in Flyers zone.
15:57 of 1st period - Shot by Jason Demers.
15:57 of 1st period - Goal by Jason Demers - Flyers : 0 - Canadiens : 1.
15:58 of 1st period - Paul Stastny wins face-off versus Brian Gibbons in neutral zone.
16:37 of 1st period - Shot by Paul Stastny.
16:37 of 1st period - Shot Misses the Net.
16:41 of 1st period - Shot by Radim Vrbata.
16:41 of 1st period - Stopped by Frederik Andersen without a rebound.
16:42 of 1st period - Mike Ribeiro wins face-off versus Jonathan Toews in Flyers zone.
16:46 of 1st period - Dan Boyle is hit by Steve Oleksy and loses puck.
17:11 of 1st period - Shot by Jordan Eberle.
17:11 of 1st period - Stopped by Frederik Andersen without a rebound.
17:12 of 1st period - Saku Koivu wins face-off versus Mike Santorelli in Flyers zone.
17:15 of 1st period - Shot by Alexander Killorn.
17:15 of 1st period - Stopped by Frederik Andersen without a rebound.
17:16 of 1st period - Mike Santorelli wins face-off versus Paul Stastny in Flyers zone.
17:16 of 1st period - Mike Santorelli is hit by Paul Stastny.
17:21 of 1st period - Kyle Okposo is hit by Dan Girardi.
17:29 of 1st period - Shot by Kyle Okposo.
17:29 of 1st period - Shot Misses the Net.
17:39 of 1st period - Shot by Paul Stastny.
17:39 of 1st period - Stopped by Frederik Andersen with a rebound.
18:17 of 1st period - Radim Vrbata is hit by Marek Zidlicky and loses puck.
18:40 of 1st period - Shot by Mike Ribeiro.
18:40 of 1st period - Deflect By Joel Ward.
18:40 of 1st period - Stopped by Al Montoya without a rebound.
18:41 of 1st period - Jonathan Toews wins face-off versus Olli Jokinen in Canadiens zone.
18:45 of 1st period - Dylan Olsen is hit by Dan Boyle and loses puck.
18:47 of 1st period - Minor Penalty to Matt Read for Tripping.
18:48 of 1st period - Jonathan Toews wins face-off versus Mike Ribeiro in Canadiens zone.
19:24 of 1st period - Icing by Mike Ribeiro.
19:25 of 1st period - Jonathan Toews wins face-off versus Mike Ribeiro in Flyers zone.
19:26 of 1st period - Shot by Cam Fowler.
19:26 of 1st period - Shot Misses the Net.
19:54 of 1st period - Shot by Marek Zidlicky.
19:54 of 1st period - Shot Blocked by Jonathan Toews.
19:56 of 1st period - Shot by Daniel Sedin.
19:56 of 1st period - Stopped by Al Montoya with a rebound.
19:58 of 1st period - Shot by Daniel Sedin.
19:58 of 1st period - Shot Misses the Net.
Goals for this period are 0 for Flyers vs 1 for Canadiens.
Shots for this period are 11 for Flyers vs 10 for Canadiens.

2nd period


0:01 of 2nd period - Kyle Okposo wins face-off versus Jonathan Toews in neutral zone.
0:03 of 2nd period - Off-side.
0:04 of 2nd period - Kyle Okposo wins face-off versus Jonathan Toews in neutral zone.
0:14 of 2nd period - Icing by Joel Ward.
0:15 of 2nd period - Jonathan Toews wins face-off versus Kyle Okposo in Flyers zone.
0:24 of 2nd period - Shot by Alexander Steen.
0:24 of 2nd period - Shot Blocked by Daniel Sedin.
0:54 of 2nd period - Shot by Olli Jokinen.
0:54 of 2nd period - Stopped by Al Montoya without a rebound.
0:55 of 2nd period - Saku Koivu wins face-off versus Olli Jokinen in Canadiens zone.
1:18 of 2nd period - Shot by Olli Jokinen.
1:18 of 2nd period - Shot Hit the Post.
1:33 of 2nd period - Dany Heatley is hit by Dylan Olsen and loses puck.
2:04 of 2nd period - Dan Girardi is hit by Mike Ribeiro and loses puck.
2:11 of 2nd period - Shot by Joel Ward.
2:11 of 2nd period - Shot Misses the Net.
2:13 of 2nd period - Shot by Mike Ribeiro.
2:13 of 2nd period - Shot Misses the Net.
3:03 of 2nd period - Shot by Jason Demers.
3:03 of 2nd period - Shot Blocked by Philip Larsen.
3:05 of 2nd period - Shot by Alexander Steen.
3:05 of 2nd period - Stopped by Frederik Andersen without a rebound.
3:06 of 2nd period - Brian Gibbons wins face-off versus Paul Stastny in Flyers zone.
3:19 of 2nd period - Shot by Brian Gibbons.
3:19 of 2nd period - Deflect By Nathan Gerbe.
3:19 of 2nd period - Shot Misses the Net.
3:21 of 2nd period - Shot by Mark Fistric.
3:21 of 2nd period - Goal by Mark Fistric - Flyers : 1 - Canadiens : 1.
3:22 of 2nd period - Manny Malhotra wins face-off versus Mike Santorelli in neutral zone.
3:32 of 2nd period - Icing by Mike Santorelli.
3:33 of 2nd period - Paul Stastny wins face-off versus Mike Santorelli in Flyers zone.
3:37 of 2nd period - Minor Penalty to Radim Vrbata for Hooking.
3:38 of 2nd period - Kyle Okposo wins face-off versus Jonathan Toews in Canadiens zone.
4:38 of 2nd period - Icing by Mike Santorelli.
4:39 of 2nd period - Jack Skille wins face-off versus Paul Stastny in Flyers zone.
4:41 of 2nd period - Icing by Mike Ribeiro.
4:42 of 2nd period - Paul Stastny wins face-off versus Mike Ribeiro in Flyers zone.
4:57 of 2nd period - Shot by Mike Ribeiro.
4:57 of 2nd period - Stopped by Al Montoya without a rebound.
4:58 of 2nd period - Kyle Okposo wins face-off versus Jonathan Toews in Canadiens zone.
5:13 of 2nd period - Shot by Marek Zidlicky.
5:13 of 2nd period - Shot Misses the Net.
5:26 of 2nd period - Marek Zidlicky is hit by Alexander Steen and loses puck.
6:04 of 2nd period - Minor Penalty to Carlo Colaiacovo for Hooking.
6:05 of 2nd period - Jonathan Toews wins face-off versus Kyle Brodziak in Flyers zone.
6:10 of 2nd period - Shot by Jonathan Toews.
6:10 of 2nd period - Stopped by Frederik Andersen without a rebound.
6:11 of 2nd period - Kyle Brodziak wins face-off versus Jonathan Toews in Flyers zone.
6:19 of 2nd period - Icing by Matt Read.
6:20 of 2nd period - Kyle Brodziak wins face-off versus Jonathan Toews in Canadiens zone.
7:38 of 2nd period - Mike Santorelli is hit by Paul Stastny and loses puck.
8:12 of 2nd period - Shot by Saku Koivu.
8:12 of 2nd period - Shot Misses the Net.
8:37 of 2nd period - Olli Jokinen is hit by Dylan Olsen.
9:22 of 2nd period - Off-side.
9:23 of 2nd period - Manny Malhotra wins face-off versus Brian Gibbons in neutral zone.
9:37 of 2nd period - Shot by Brian Gibbons.
9:37 of 2nd period - Shot Misses the Net.
9:39 of 2nd period - Shot by Kyle Brodziak.
9:39 of 2nd period - Deflect By Brian Gibbons.
9:39 of 2nd period - Stopped by Al Montoya without a rebound.
9:40 of 2nd period - Paul Stastny wins face-off versus Mike Ribeiro in Canadiens zone.
9:51 of 2nd period - Mike Ribeiro is hit by Radim Vrbata and loses puck.
10:36 of 2nd period - Shot by Jonathan Toews.
10:36 of 2nd period - Stopped by Frederik Andersen without a rebound.
10:37 of 2nd period - Mike Santorelli wins face-off versus Jonathan Toews in Flyers zone.
10:42 of 2nd period - Shot by Kyle Okposo.
10:42 of 2nd period - Shot Misses the Net.
11:12 of 2nd period - Shot by Jonathan Toews.
11:12 of 2nd period - Stopped by Frederik Andersen without a rebound.
11:13 of 2nd period - Saku Koivu wins face-off versus Gabriel Bourque in Flyers zone.
11:13 of 2nd period - Sven Baertschi is hit by Dan Boyle.
11:16 of 2nd period - Saku Koivu is hit by Dan Boyle and loses puck.
11:27 of 2nd period - Shot by Alexander Killorn.
11:27 of 2nd period - Stopped by Frederik Andersen with a rebound.
11:29 of 2nd period - Shot by Dylan Olsen.
11:29 of 2nd period - Shot Hit the Post.
11:31 of 2nd period - Shot by Saku Koivu.
11:31 of 2nd period - Shot Misses the Net.
11:33 of 2nd period - Shot by Saku Koivu.
11:33 of 2nd period - Shot Blocked by Tom Gilbert.
11:35 of 2nd period - Shot by Sven Baertschi.
11:35 of 2nd period - Goal by Sven Baertschi - Flyers : 1 - Canadiens : 2.
11:36 of 2nd period - Paul Stastny wins face-off versus Brian Gibbons in neutral zone.
12:16 of 2nd period - Shot by Paul Stastny.
12:16 of 2nd period - Stopped by Frederik Andersen with a rebound.
12:18 of 2nd period - Shot by Dan Girardi.
12:18 of 2nd period - Stopped by Frederik Andersen with a rebound.
14:03 of 2nd period - Shot by Mike Ribeiro.
14:03 of 2nd period - Stopped by Al Montoya with a rebound.
14:13 of 2nd period - Shot by Mike Ribeiro.
14:13 of 2nd period - Shot Misses the Net.
14:15 of 2nd period - Shot by Carlo Colaiacovo.
14:15 of 2nd period - Shot Blocked by Dylan Olsen.
14:17 of 2nd period - Shot by Carlo Colaiacovo.
14:17 of 2nd period - Stopped by Al Montoya with a rebound.
14:44 of 2nd period - Icing by Mark Fistric.
14:45 of 2nd period - Jonathan Toews wins face-off versus Gabriel Bourque in Flyers zone.
14:46 of 2nd period - Shot by Jordan Eberle.
14:46 of 2nd period - Shot Misses the Net.
14:56 of 2nd period - Shot by Jonathan Toews.
14:56 of 2nd period - Stopped by Frederik Andersen without a rebound.
14:57 of 2nd period - Paul Stastny wins face-off versus Brian Gibbons in Flyers zone.
16:18 of 2nd period - Shot by Jonathan Toews.
16:18 of 2nd period - Deflect By Jordan Eberle.
16:18 of 2nd period - Goal by Jordan Eberle - Flyers : 1 - Canadiens : 3.
16:19 of 2nd period - Manny Malhotra wins face-off versus Mike Ribeiro in neutral zone.
16:31 of 2nd period - Shot by Joel Ward.
16:31 of 2nd period - Deflect By Mike Ribeiro.
16:31 of 2nd period - Shot Blocked by Dan Girardi.
16:33 of 2nd period - Shot by Mike Ribeiro.
16:33 of 2nd period - Shot Blocked by Martin Erat.
16:35 of 2nd period - Shot by Philip Larsen.
16:35 of 2nd period - Stopped by Al Montoya without a rebound.
16:36 of 2nd period - Jonathan Toews wins face-off versus Olli Jokinen in Canadiens zone.
17:01 of 2nd period - Shot by Jordan Eberle.
17:01 of 2nd period - Stopped by Frederik Andersen without a rebound.
17:02 of 2nd period - Saku Koivu wins face-off versus Mike Ribeiro in Flyers zone.
17:05 of 2nd period - Shot by Alexander Killorn.
17:05 of 2nd period - Stopped by Frederik Andersen without a rebound.
17:06 of 2nd period - Paul Stastny wins face-off versus Mike Ribeiro in Flyers zone.
17:31 of 2nd period - Shot by Alexander Steen.
17:31 of 2nd period - Stopped by Frederik Andersen without a rebound.
17:32 of 2nd period - Jonathan Toews wins face-off versus Mike Santorelli in Flyers zone.
18:15 of 2nd period - Shot by Daniel Sedin.
18:15 of 2nd period - Stopped by Al Montoya with a rebound.
18:17 of 2nd period - Shot by Tom Gilbert.
18:17 of 2nd period - Shot Misses the Net.
18:27 of 2nd period - Joel Ward is hit by Jordan Eberle and loses puck.
19:09 of 2nd period - Off-side.
19:10 of 2nd period - Olli Jokinen wins face-off versus Paul Stastny in neutral zone.
19:36 of 2nd period - Shot by Gabriel Bourque.
19:36 of 2nd period - Stopped by Al Montoya without a rebound.
19:37 of 2nd period - Mike Santorelli wins face-off versus Saku Koivu in Canadiens zone.
19:38 of 2nd period - Shot by Daniel Sedin.
19:38 of 2nd period - Stopped by Al Montoya without a rebound.
19:39 of 2nd period - Mike Santorelli wins face-off versus Alexander Killorn in Canadiens zone.
19:49 of 2nd period - Minor Penalty to Dylan Olsen for High sticking.
19:50 of 2nd period - Kyle Okposo wins face-off versus Jonathan Toews in Canadiens zone.
Goals for this period are 1 for Flyers vs 2 for Canadiens.
Shots for this period are 10 for Flyers vs 13 for Canadiens.

3rd period


0:01 of 3rd period - Matt Read wins face-off versus Kyle Okposo in neutral zone.
0:15 of 3rd period - Daniel Sedin is hit by Jason Demers.
0:19 of 3rd period - Shot by Kyle Okposo.
0:19 of 3rd period - Stopped by Al Montoya without a rebound.
0:20 of 3rd period - Mike Ribeiro wins face-off versus Jonathan Toews in Canadiens zone.
0:21 of 3rd period - Shot by Marek Zidlicky.
0:21 of 3rd period - Shot Blocked by Cam Fowler.
0:33 of 3rd period - Shot by Dan Girardi.
0:33 of 3rd period - Shot Misses the Net.
0:35 of 3rd period - Shot by Dan Girardi.
0:35 of 3rd period - Stopped by Frederik Andersen without a rebound.
0:36 of 3rd period - Kyle Okposo wins face-off versus Jonathan Toews in Flyers zone.
0:45 of 3rd period - Shot by Kyle Okposo.
0:45 of 3rd period - Stopped by Al Montoya with a rebound.
0:47 of 3rd period - Shot by Philip Larsen.
0:47 of 3rd period - Stopped by Al Montoya without a rebound.
0:48 of 3rd period - Jonathan Toews wins face-off versus Mike Ribeiro in Canadiens zone.
1:01 of 3rd period - Cam Fowler is hit by Jack Skille and loses puck.
1:22 of 3rd period - Shot by Philip Larsen.
1:22 of 3rd period - Shot Misses the Net.
1:26 of 3rd period - Shot by Mike Ribeiro.
1:26 of 3rd period - Stopped by Al Montoya without a rebound.
1:27 of 3rd period - Paul Stastny wins face-off versus Kyle Okposo in Canadiens zone.
1:27 of 3rd period - Paul Stastny is hit by Marek Zidlicky.
1:34 of 3rd period - Icing by Marek Zidlicky.
1:35 of 3rd period - Paul Stastny wins face-off versus Kyle Okposo in Flyers zone.
1:46 of 3rd period - Shot by Daniel Sedin.
1:46 of 3rd period - Stopped by Al Montoya without a rebound.
1:47 of 3rd period - Jonathan Toews wins face-off versus Kyle Okposo in Canadiens zone.
1:47 of 3rd period - Jonathan Toews is hit by Philip Larsen.
2:24 of 3rd period - Gabriel Bourque is hit by Dylan Olsen and loses puck.
2:29 of 3rd period - Shot by Gabriel Bourque.
2:29 of 3rd period - Deflect By Olli Jokinen.
2:29 of 3rd period - Shot Misses the Net.
2:31 of 3rd period - Shot by Tom Gilbert.
2:31 of 3rd period - Shot Blocked by Steve Oleksy.
2:33 of 3rd period - Shot by Olli Jokinen.
2:33 of 3rd period - Stopped by Al Montoya without a rebound.
2:34 of 3rd period - Jonathan Toews wins face-off versus Mike Ribeiro in Canadiens zone.
2:41 of 3rd period - Shot by Jordan Eberle.
2:41 of 3rd period - Stopped by Frederik Andersen with a rebound.
3:47 of 3rd period - Shot by Saku Koivu.
3:47 of 3rd period - Goal by Saku Koivu - Flyers : 1 - Canadiens : 4.
3:48 of 3rd period - Paul Stastny wins face-off versus Olli Jokinen in neutral zone.
4:03 of 3rd period - Icing by Dan Boyle.
4:04 of 3rd period - Olli Jokinen wins face-off versus Saku Koivu in Flyers zone.
4:23 of 3rd period - Shot by Olli Jokinen.
4:23 of 3rd period - Shot Hit the Post.
4:25 of 3rd period - Shot by Tom Gilbert.
4:25 of 3rd period - Shot Misses the Net.
5:17 of 3rd period - Icing by Philip Larsen.
5:18 of 3rd period - Jordan Eberle wins face-off versus Mike Santorelli in Flyers zone.
5:40 of 3rd period - Icing by Steve Oleksy.
5:41 of 3rd period - Mike Ribeiro wins face-off versus Jonathan Toews in Canadiens zone.
5:47 of 3rd period - Icing by Matt Read.
5:48 of 3rd period - Jonathan Toews wins face-off versus Mike Ribeiro in Canadiens zone.
5:48 of 3rd period - Jonathan Toews is hit by Mike Ribeiro.
6:40 of 3rd period - Icing by Dan Boyle.
6:41 of 3rd period - Mike Ribeiro wins face-off versus Paul Stastny in Flyers zone.
6:41 of 3rd period - Mike Ribeiro is hit by Radim Vrbata.
7:06 of 3rd period - Minor Penalty to Dan Girardi for Holding.
7:07 of 3rd period - Jonathan Toews wins face-off versus Kyle Okposo in Canadiens zone.
7:37 of 3rd period - Shot by Daniel Sedin.
7:37 of 3rd period - Stopped by Al Montoya without a rebound.
7:38 of 3rd period - Paul Stastny wins face-off versus Kyle Okposo in Canadiens zone.
8:00 of 3rd period - Kyle Okposo is hit by Dylan Olsen and loses puck.
8:05 of 3rd period - Shot by Marek Zidlicky.
8:05 of 3rd period - Stopped by Al Montoya without a rebound.
8:06 of 3rd period - Mike Ribeiro wins face-off versus Paul Stastny in Canadiens zone.
8:59 of 3rd period - Shot by Marek Zidlicky.
8:59 of 3rd period - Shot Blocked by Cam Fowler.
9:37 of 3rd period - Shot by Marek Zidlicky.
9:37 of 3rd period - Stopped by Al Montoya with a rebound.
10:01 of 3rd period - Shot by Alexander Steen.
10:01 of 3rd period - Shot Misses the Net.
10:08 of 3rd period - Olli Jokinen is hit by Jason Demers.
10:31 of 3rd period - Shot by Mike Santorelli.
10:31 of 3rd period - Deflect By Daniel Sedin.
10:31 of 3rd period - Shot Blocked by Radim Vrbata.
10:33 of 3rd period - Shot by Kyle Okposo.
10:33 of 3rd period - Stopped by Al Montoya without a rebound.
10:34 of 3rd period - Brian Gibbons wins face-off versus Jonathan Toews in Canadiens zone.
10:40 of 3rd period - Icing by Steve Oleksy.
10:41 of 3rd period - Jonathan Toews wins face-off versus Joel Ward in Canadiens zone.
10:48 of 3rd period - Shot by Matt Read.
10:48 of 3rd period - Stopped by Frederik Andersen without a rebound.
10:49 of 3rd period - Jonathan Toews wins face-off versus Mike Santorelli in Flyers zone.
10:59 of 3rd period - Icing by Mike Santorelli.
11:00 of 3rd period - Paul Stastny wins face-off versus Mike Santorelli in Flyers zone.
11:11 of 3rd period - Shot by Dan Boyle.
11:11 of 3rd period - Shot Blocked by Cam Fowler.
11:11 of 3rd period - Cam Fowler from Canadiens is injured at 11:11 of 3rd period (Sprained Left Ankle).
11:12 of 3rd period - Jonathan Toews wins face-off versus Mike Ribeiro in Canadiens zone.
11:24 of 3rd period - Jason Demers is hit by Tom Gilbert.
11:48 of 3rd period - Icing by Tom Gilbert.
11:49 of 3rd period - Mike Ribeiro wins face-off versus Paul Stastny in Flyers zone.
12:00 of 3rd period - Tom Gilbert is hit by Steve Oleksy and loses puck.
12:44 of 3rd period - Shot by Mike Santorelli.
12:44 of 3rd period - Shot Misses the Net.
12:50 of 3rd period - Shot by Mike Santorelli.
12:50 of 3rd period - Shot Blocked by Dylan Olsen.
12:52 of 3rd period - Shot by Marek Zidlicky.
12:52 of 3rd period - Shot Blocked by Steve Oleksy.
13:10 of 3rd period - Shot by Gabriel Bourque.
13:10 of 3rd period - Shot Blocked by Dylan Olsen.
13:20 of 3rd period - Shot by Olli Jokinen.
13:20 of 3rd period - Shot Misses the Net.
13:22 of 3rd period - Shot by Carlo Colaiacovo.
13:22 of 3rd period - Stopped by Al Montoya with a rebound.
13:24 of 3rd period - Shot by Philip Larsen.
13:24 of 3rd period - Stopped by Al Montoya without a rebound.
13:25 of 3rd period - Jordan Eberle wins face-off versus Kyle Brodziak in Canadiens zone.
13:34 of 3rd period - Shot by Jonathan Toews.
13:34 of 3rd period - Stopped by Frederik Andersen without a rebound.
13:35 of 3rd period - Jonathan Toews wins face-off versus Mike Ribeiro in Flyers zone.
14:01 of 3rd period - Shot by Mike Ribeiro.
14:01 of 3rd period - Stopped by Al Montoya without a rebound.
14:02 of 3rd period - Mike Santorelli wins face-off versus Saku Koivu in Canadiens zone.
14:13 of 3rd period - Shot by Mike Santorelli.
14:13 of 3rd period - Stopped by Al Montoya without a rebound.
14:14 of 3rd period - Olli Jokinen wins face-off versus Matt Read in Canadiens zone.
14:17 of 3rd period - Shot by Dan Boyle.
14:17 of 3rd period - Stopped by Al Montoya without a rebound.
14:18 of 3rd period - Jonathan Toews wins face-off versus Mike Santorelli in Canadiens zone.
14:18 of 3rd period - Jonathan Toews is hit by Kyle Okposo.
14:25 of 3rd period - Icing by Dan Girardi.
14:26 of 3rd period - Jonathan Toews wins face-off versus Kyle Okposo in Canadiens zone.
14:57 of 3rd period - Shot by Mike Santorelli.
14:57 of 3rd period - Stopped by Al Montoya without a rebound.
14:58 of 3rd period - Jack Skille wins face-off versus Paul Stastny in Canadiens zone.
15:01 of 3rd period - Shot by Mike Ribeiro.
15:01 of 3rd period - Shot Blocked by Dylan Olsen.
15:25 of 3rd period - Shot by Alexander Steen.
15:25 of 3rd period - Stopped by Frederik Andersen with a rebound.
15:27 of 3rd period - Shot by Paul Stastny.
15:27 of 3rd period - Deflect By Radim Vrbata.
15:27 of 3rd period - Shot Misses the Net.
15:58 of 3rd period - Icing by Jordan Eberle.
15:59 of 3rd period - Jonathan Toews wins face-off versus Mike Santorelli in Canadiens zone.
16:22 of 3rd period - Shot by Daniel Sedin.
16:22 of 3rd period - Stopped by Al Montoya without a rebound.
16:23 of 3rd period - Olli Jokinen wins face-off versus Saku Koivu in Canadiens zone.
16:30 of 3rd period - Shot by Gabriel Bourque.
16:30 of 3rd period - Deflect By Dany Heatley.
16:30 of 3rd period - Shot Misses the Net.
16:32 of 3rd period - Shot by Carlo Colaiacovo.
16:32 of 3rd period - Stopped by Al Montoya without a rebound.
16:33 of 3rd period - Paul Stastny wins face-off versus Mike Santorelli in Canadiens zone.
16:38 of 3rd period - Shot by Alexander Steen.
16:38 of 3rd period - Stopped by Frederik Andersen without a rebound.
16:39 of 3rd period - Paul Stastny wins face-off versus Mike Santorelli in Flyers zone.
16:42 of 3rd period - Shot by Paul Stastny.
16:42 of 3rd period - Shot Misses the Net.
17:15 of 3rd period - Shot by Kyle Okposo.
17:15 of 3rd period - Shot Misses the Net.
17:17 of 3rd period - Shot by Daniel Sedin.
17:17 of 3rd period - Stopped by Al Montoya without a rebound.
17:18 of 3rd period - Jonathan Toews wins face-off versus Mike Ribeiro in Canadiens zone.
17:25 of 3rd period - Shot by Matt Read.
17:25 of 3rd period - Shot Misses the Net.
17:27 of 3rd period - Shot by Dylan Olsen.
17:27 of 3rd period - Stopped by Frederik Andersen without a rebound.
17:28 of 3rd period - Mike Ribeiro wins face-off versus Jonathan Toews in Flyers zone.
17:28 of 3rd period - Mike Ribeiro is hit by Jonathan Toews.
17:34 of 3rd period - Jack Skille is hit by Matt Read and loses puck.
17:43 of 3rd period - Shot by Matt Read.
17:43 of 3rd period - Stopped by Frederik Andersen without a rebound.
17:44 of 3rd period - Mike Santorelli wins face-off versus Paul Stastny in Flyers zone.
17:58 of 3rd period - Icing by Dan Girardi.
17:59 of 3rd period - Mike Ribeiro wins face-off versus Radim Vrbata in Canadiens zone.
18:14 of 3rd period - Shot by Paul Stastny.
18:14 of 3rd period - Shot Blocked by Mark Fistric.
18:16 of 3rd period - Shot by Alexander Steen.
18:16 of 3rd period - Deflect By Paul Stastny.
18:16 of 3rd period - Shot Blocked by Mark Fistric.
18:18 of 3rd period - Shot by Dan Girardi.
18:18 of 3rd period - Stopped by Frederik Andersen without a rebound.
18:19 of 3rd period - Daniel Sedin wins face-off versus Jordan Eberle in Flyers zone.
18:26 of 3rd period - Shot by Kyle Okposo.
18:26 of 3rd period - Shot Misses the Net.
19:12 of 3rd period - Matt Read is hit by Kyle Okposo and loses puck.
Goals for this period are 0 for Flyers vs 1 for Canadiens.
Shots for this period are 19 for Flyers vs 10 for Canadiens.


Output by the SimonT Hockey Simulator (STHS) for Stephane Roy -- Original Page W3C XHTML 1.0 Valid
Hockey Simulator - Hockey Simulation - Hockey Manager